 Dungeon Crawl Stone Soup version 0.29.1-15-g9cfb28693d (webtiles) character file.

Game seed: 5977684257848577933

1184 Anriel the Cudgeller (level 8, -16/70 HPs)
             Began as a Minotaur Gladiator on Mar 10, 2023.
             Was a Believer of Okawaru.
             Demolished by a boulder beetle (47 damage)
             ... on level 7 of the Dungeon.
             The game lasted 00:21:32 (4948 turns).

Anriel the Cudgeller (Minotaur Gladiator)           Turns: 4948, Time: 00:21:32

Health: -16/70     AC: 13    Str: 22    XL:     8   Next: 19%
Magic:  10/10      EV:  8    Int:  5    God:    Okawaru [**....]
Gold:   341        SH:  0    Dex: 17    Spells: 7/7 levels left

rFire   . . .      SeeInvis .   a - +1 flail
rCold   . . .      Faith    .   (no shield)
rNeg    . . .      Spirit   .   d - +0 plate armour
rPois   +          Reflect  .   c - +1 hat
rElec   .          Harm     .   (no cloak)
rCorr   .          Rampage  .   (no gloves)
Will    .....                   (no boots)
Stlth   ..........              (no amulet)
HPRegen 0.21/turn               i - +6 ring of dexterity
MPRegen 0.12/turn               n - ring of poison resistance

@: no status effects
A: horns 2, retaliatory headbutt
a: Renounce Religion, Heroism


You were on level 7 of the Dungeon.
You worshipped Okawaru.
Okawaru was pleased with you.
You visited 2 branches of the dungeon, and saw 8 of its levels.

You collected 341 gold pieces.

Inventory:

Hand Weapons
 a - a +1 flail (weapon)
 y - a +0 shortbow
Missiles
 e - a javelin (quivered)
Armour
 c - a +1 hat (worn)
 d - a +0 plate armour (worn)
 g - an orb of wrath
 w - the +0 leather armour of Jijaikih {rF+ Dex+2}
   (You found it on level 6 of the Dungeon)

   Dex:       It affects your dexterity (+2).
   rF:        It protects you from fire.
Jewellery
 i - a +6 ring of dexterity (left hand)
 l - a ring of magical power
 n - a ring of poison resistance (right hand)
 o - a ring of see invisible
 x - a ring of fire
Wands
 k - a wand of polymorph (11)
 r - a wand of roots (24)
Scrolls
 b - 2 scrolls of magic mapping
 f - a scroll of amnesia
 h - 7 scrolls of teleportation
 p - a scroll of enchant weapon
 A - a scroll of enchant armour
 B - a scroll of immolation {unknown}
Potions
 j - 6 potions of curing
 q - a potion of attraction
 t - a potion of berserk rage {unknown}
 u - a potion of brilliance {unknown}
 v - 2 potions of might
 z - 2 potions of flight {unknown}


   Skills:
 + Level 5.7 Fighting
 - Level 7.1 Maces & Flails
 * Level 0.0 Ranged Weapons
 - Level 2.0 Throwing
 - Level 5.2 Armour
 - Level 5.0 Dodging
 * Level 4.0 Invocations


You had 7 spell levels left.
You didn't know any spells.
Your spell library contained the following spells:

 Spells                   Type           Power      Damage    Failure   Level
 Foxfire                  Conj/Fire      0%         2x1d4     100%        1
 Ensorcelled Hibernation  Hex/Ice        0%         N/A       100%        2
 Passwall                 Tmut/Erth      0%         N/A       100%        2
 Conjure Flame            Conj/Fire      0%         6-21      100%        3
 Inner Flame              Hex/Fire       0%         N/A       100%        3
 Swiftness                Air            0%         N/A       100%        3
 Flame Wave               Conj/Fire      0%         2d4       100%        4


Dungeon Overview and Level Annotations

Branches:
Dungeon (7/15)             Temple (1/1) D:4

Altars:
Ashenzari
Cheibriados
Dithmenos
Elyvilon
Fedhas
Gozag
Hepliaklqana
Kikubaaqudgha
Nemelex Xobeh
Okawaru
Qazlal
Ru
Sif Muna
Trog
Uskayaw
Vehumet
Wu Jian
Yredelemnul
Zin
The Shining One


Innate Abilities, Weirdness & Mutations

You have a pair of horns on your head.
You reflexively headbutt those who attack you in melee.


Message History

The boulder beetle is caught in the net!
The boulder beetle struggles against the net. x2
The boulder beetle struggles against the net. x2
The boulder beetle struggles against the net.
The net rips apart, and the boulder beetle comes free!
Okay, then.
Okay, then.
You feel much better. The boulder beetle barely misses you.
You furiously retaliate!
You headbutt the boulder beetle, but do no damage.
The boulder beetle stops rolling and uncurls.
The boulder beetle attacks as you move away!
The boulder beetle bites you!
The boulder beetle curls into a ball and begins rolling!
Throw: 2 throwing nets
Press: ? - help, Q - select action, (/) - cycle Shift-Dir - straight line, f/p - boulder beetle
Aim: a boulder beetle (rolling, 90% to hit)
You throw a throwing net.
The throwing net hits the boulder beetle.
The boulder beetle is caught in the net!
The boulder beetle struggles against the net. x2
The boulder beetle struggles against the net. x2
The boulder beetle struggles against the net. x2
The net rips apart, and the boulder beetle comes free!
Throw: throwing net
Press: ? - help, Q - select action, (/) - cycle Shift-Dir - straight line, f/p - boulder beetle
Aim: a boulder beetle (rolling, 90% to hit)
You throw a throwing net.
The throwing net hits the boulder beetle.
The boulder beetle is caught in the net!
The boulder beetle struggles against the net. x2
The boulder beetle struggles against the net. x2
The boulder beetle struggles against the net. x2
The net rips apart, and the boulder beetle comes free!
The boulder beetle stops rolling and uncurls.
The boulder beetle curls into a ball and begins rolling!
The boulder beetle attacks as you move away!
The boulder beetle hits you!!!
Ouch! That really hurt!
You die...

#...............#
########........#
#........#
#######.## #.# #.#
#.# #.# #@# #B#
#°# #°#
################.#
.............B○..#
##################


You could see a boulder beetle (rolling).

Vanquished Creatures
  An orc warrior (D:6)
  An ice beast (D:6)
  2 ogres
  2 centaurs (D:7)
  A kobold brigand (D:6)
  A necrophage (D:7)
  A scorpion (D:5)
  An orc priest (D:6)
  A hound (D:6)
  4 iguanas
  4 orc wizards (D:6)
  Robin (D:2)
  7 adders
  A shadow imp (D:6)
  A white imp (D:6)
  A worm (D:3)
  2 dart slugs
  19 orcs
  2 bat zombies (D:3)
  5 endoplasms
  6 giant cockroaches
  15 goblins
  8 hobgoblins
  4 jackals (D:1)
  4 quokkas
  4 ball pythons
  2 bats
  4 frilled lizards
  13 kobolds
  5 rats
  A rat zombie (D:3)
124 creatures vanquished.

Notes
Turn   | Place    | Note
-------+----------+-------------------------------------------
     0 | D:1      | Anriel the Minotaur Gladiator began the quest for the Orb.
     0 | D:1      | Reached XP level 1. HP: 18/18 MP: 0/0
    99 | D:1      | Reached skill level 1 in Armour
   259 | D:1      | Reached XP level 2. HP: 23/25 MP: 1/1
   260 | D:1      | Reached skill level 4 in Maces & Flails
   762 | D:2      | Reached XP level 3. HP: 30/30 MP: 2/2
   841 | D:2      | Noticed Robin
   866 | D:2      | Killed Robin
   877 | D:2      | Reached XP level 4. HP: 31/38 MP: 3/3
  1562 | D:3      | Reached skill level 5 in Maces & Flails
  1994 | D:3      | Reached XP level 5. HP: 45/45 MP: 4/4
  2004 | D:3      | Found an ancient bone altar of Kikubaaqudgha.
  2133 | D:4      | Found a staircase to the Ecumenical Temple.
  2141 | Temple   | Entered the Ecumenical Temple
  2310 | Temple   | Became a worshipper of Warmaster Okawaru
  2574 | D:4      | Found a radiant altar of Vehumet.
  2603 | D:4      | Found a glowing golden altar of the Shining One.
  2655 | D:4      | Found a glowing silver altar of Zin.
  2873 | D:5      | Entered Level 5 of the Dungeon
  2964 | D:5      | Reached XP level 6. HP: 41/52 MP: 5/5
  3436 | D:6      | Noticed an ice beast
  3447 | D:6      | Killed an ice beast
  3447 | D:6      | Reached * piety under Okawaru
  3448 | D:6      | Reached skill level 5 in Armour
  3448 | D:6      | Reached skill level 5 in Dodging
  3626 | D:6      | Noticed an orc warrior
  3642 | D:6      | Killed an orc warrior
  3643 | D:6      | Reached skill level 1 in Invocations
  3643 | D:6      | Reached XP level 7. HP: 37/60 MP: 5/7
  3878 | D:6      | Identified the +0 leather armour of Jijaikih {rF+ Dex+2}
  4099 | D:6      | Reached skill level 5 in Fighting
  4101 | D:6      | Reached skill level 6 in Maces & Flails
  4513 | D:7      | Reached ** piety under Okawaru
  4526 | D:7      | Reached XP level 8. HP: 40/69 MP: 9/9
  4770 | D:7      | Reached skill level 7 in Maces & Flails
  4894 | D:7      | Noticed a boulder beetle
  4948 | D:7      | Demolished by a boulder beetle

Illustrated notes

Levels and vault maps discovered:
D:1:      dpeg_arrival_boxorama, layout_rooms, hangedman_decor_growths,
          serial_bayou_pond_e, hangedman_abyss_or_decor_stabs, minmay_quantized
D:2:      layout_basic, minmay_misc_feat_plants, uniq_robin
D:3:      layout_basic, lemuel_zombie_altar_kikubaaqudgha, grunt_ministairs_12
D:4:      layout_rooms, mainiacjoe_overflow_two_lobes, zin_academy,
          minmay_temple_entry_butterflies
D:5:      layout_rooms, hex_tiny
D:6:      layout_layer_cave
D:7:      layout_basic, lemuel_flame_loot_1
Temple:   eino_temple_scatter_basement

Skill      XL: |  1  2  3  4  5  6  7  8 |
---------------+-------------------------+-----
Armour         | 1 2 3 4 5 |  5.2
Maces & Flails | 4 5 6 7 |  7.1
Fighting       | 3 4 5 |  5.7
Dodging        | 4 5 |  5.0
Invocations    | 1 3 4 |  4.0
Throwing       | |  2.0

Action                   |  1- 3 |  4- 6 |  7- 9 || total
-------------------------+-------+-------+-------++-------
Melee: Flail             |    63 |   124 |    67 ||   254
       Headbutt          |     7 |    26 |    22 ||    55
       Punch             |       |     1 |     1 ||     2
Throw: Throwing net      |       |     5 |     3 ||     8
  Use: Scroll            |     6 |     5 |     2 ||    13
       Potion            |       |       |     1 ||     1
Armor: Leather armour    |     1 |       |       ||     1
       Ring mail         |    23 |     3 |       ||    26
       Chain mail        |       |    72 |     9 ||    81
       Plate armour      |       |       |    31 ||    31
Dodge: Dodged            |    33 |    58 |    49 ||   140
